 Dungeon Crawl Stone Soup version 0.21-a0-186-g02e8684 (webtiles) character file.

63 Lavandula the Cutter (level 4, 0/32 HPs)
             Began as a Formicid Artificer on Aug 13, 2017.
             Killed by divine providence
             ... invoked by an orc priest
              (12 damage)
             ... on level 3 of the Dungeon.
             The game lasted 00:03:24 (1030 turns).

Lavandula the Cutter (Formicid Artificer)           Turns: 1030, Time: 00:03:25

Health: 0/32       AC:  4    Str: 17    XL:     4   Next: 31%
Magic:  6/6        EV: 12    Int: 10    God:
Gold:   26         SH:  0    Dex: 12    Spells: 3/3 levels left

rFire    . . .     SeeInvis +   o - +0 dagger (drain)
rCold    . . .     Gourm    .   (no shield)
rNeg     . . .     Faith    .   b - +0 leather armour
rPois    .         Spirit   .   (helmet unavailable)
rElec    .         Reflect  .   (no cloak)
rCorr    .         Harm     .   i - +0 pair of gloves
MR       .....                  (no boots)
Stlth    +.........             (no amulet)
HPRegen  0.10/turn              (no ring)
MPRegen  0.10/turn              (no ring)

@: no status effects
A: permanent stasis, dig shafts and tunnels, four strong arms, antennae 3
a: Dig, Shaft Self


You were on level 3 of the Dungeon.
You were hungry.

You visited 1 branch of the dungeon, and saw 3 of its levels.

You collected 26 gold pieces.

Inventory:

Hand Weapons
 a - a +0 short sword
 o - a +0 dagger of draining (weapon)
Armour
 b - a +0 leather armour (worn)
 i - a +0 pair of gloves (worn)
Wands
 c - a wand of flame (11/48)
 d - a wand of enslavement (13/24)
 e - a wand of random effects (15/48)
Scrolls
 h - 2 scrolls of enchant weapon {unknown}
 k - a scroll of identify {unknown}
 l - a scroll of teleportation {unknown}
 n - a scroll of recharging {unknown}
Potions
 g - a potion of cancellation {unknown}
 j - a potion of agility {unknown}
 m - a potion of haste {unknown}
Comestibles
 f - 4 bread rations


   Skills:
 - Level 1.1 Fighting
 + Level 3.6 Short Blades
 - Level 2.0 Dodging
 - Level 1.2 Stealth
 - Level 3.3 Evocations


You had 3 spell levels left.
You didn't know any spells.

Dungeon Overview and Level Annotations

Branches:
Dungeon (3/15)

Altars:


Innate Abilities, Weirdness & Mutations

You cannot be hasted, slowed, berserked, paralysed or teleported.
You can dig through walls and to a lower floor.
Your four strong arms can wield two-handed weapons with a shield.
You have a pair of large antennae on your head. (SInv)


Message History

The bat hits you but does no damage. The bat closely misses you.
The bat barely misses you.
Found a stone staircase leading down.
You hit the bat.
You kill the bat!
You are feeling hungry.
Wear which item? (? for menu, Esc to quit)
You start putting on your armour.
You continue putting on your pair of gloves. x4
You finish putting on your +0 pair of gloves.
Okay, then.
An orc priest comes into view.
The orc priest shouts!
A bat comes into view.
There are monsters nearby!
There are monsters nearby!
The orc priest invokes the aid of Beogh against you.
Beogh smites you!
You die...

#####......##.##...)...
>....................)).).....
...................##.######...
................#####.# #...
.................# ... #...
#...............# .... #...
.#.(.....#####...#..... #...
.........######.##...... #...
..............@.##..... #...
...................!...
..##...##.............b #...
#....[........# #...
#....)........# #...
#.......###...# #............#
...# #..........).# o.#
#............# .# .


You could see an orc priest.

Vanquished Creatures
  An orc wizard (D:3)
  An ooze (D:3)
  A dart slug (D:1)
  5 orcs (D:3)
  5 bats
  A giant cockroach (D:2)
  2 goblins (D:1)
  2 hobgoblins
  A kobold (D:1)
  A quokka (D:3)
  2 frilled lizards
  4 rats
26 creatures vanquished.

Vanquished Creatures (collateral kills)
  A leopard gecko (D:1)
  A rat (D:3)
2 creatures vanquished.

Vanquished Creatures (others)
  An orc (D:3)
  5 toadstools (D:1)
6 creatures vanquished.

Grand Total: 34 creatures vanquished

Notes
Turn   | Place    | Note
-------+----------+-------------------------------------------
     0 | D:1      | Lavandula the Formicid Artificer began the quest for the Orb.
     0 | D:1      | Reached XP level 1. HP: 15/15 MP: 3/3
   250 | D:1      | Reached XP level 2. HP: 21/21 MP: 4/4
   557 | D:3      | Reached XP level 3. HP: 18/26 MP: 5/5
   917 | D:3      | Reached XP level 4. HP: 23/32 MP: 6/6
  1030 | D:3      | Killed from afar by an orc priest

Vault maps used:
D:1:      ldierk_walled_garden, grunt_decor_fettered, nrook_mini_vaults,
          wad_floor_pattern_untrapped, feat_on_display
D:2:      first_bread
D:3:      minmay_randomly_rotated_circles

Skill      XL: |  1  2  3 |
---------------+----------+-----
Dodging        | 2 |  2.0
Short Blades   | 2 3 |  3.6
Fighting       | |  1.1
Stealth        | |  1.2
Evocations     | |  3.3

Action                   |  1- 3 |  4- 6 || total
-------------------------+-------+-------++-------
Melee: Short sword       |    39 |    30 ||    69
       Dagger            |    53 |     2 ||    55
Evoke: Wand              |     4 |     2 ||     6
 Stab: Betrayed ally     |     1 |       ||     1
       Sleeping          |     1 |       ||     1
Armor: Leather armour    |    16 |     2 ||    18
Dodge: Dodged            |    51 |    12 ||    63
